[Event "14th Danzhou Super GM 2023"]
[Site "Danzhou"]
[Date "2023.11.16"]
[Round "1.1"]
[White "Xu, Xiangyu"]
[Black "Bu, Xiangzhi"]
[Result "1-0"]
[ECO "D04"]
[WhiteElo "2623"]
[BlackElo "2677"]
[Annotator "TA"]
[PlyCount "81"]
[EventDate "2023.11.16"]
[EventType "tourn"]
[EventCountry "CHN"]
[SourceTitle "playchess.com"]
[Source "ChessBase"]
[SourceQuality "1"]
[TimeControl "2700+10"]

1. d4 d5 2. Nf3 Nf6 3. e3 Bf5 4. Bd3 Bxd3 5. Qxd3 c6 6. O-O e6 7. Nbd2 Nbd7 8. e4 dxe4 {[%emt 0:01:00] The position is equal.} 9. Nxe4 Nxe4 10. Qxe4 Bd6 11. Bg5 Nf6 12. Qh4 h6 13. Rfe1 Kd7 (13... Rg8 {simplifies} 14. Bxf6 Qxf6 15. Qxf6 gxf6 16. g3 h5) 14. Bxf6 Qxf6 15. Qe4 Rad8 (15... Qf5 {feels hotter.} 16. Qe2 g5 17. b4 Ke7) 16. a4 (16. c3 {looks sharper.} Qf5 17. Qe2 Ke7 18. Qc4) 16... Kc8 17. c3 g5 18. b4 Kb8 19. g3 h5 20. b5 g4 21. Nh4 (21. Nd2 $5 c5 22. a5 $14) 21... c5 22. a5 {[%emt 0:00:22] aiming for a6.} Rd7 (22... cxd4 {seems wilder.} 23. a6 Rd7 24. b6 axb6 25. axb7 Rxb7 26. cxd4 Rc8) 23. a6 {[%emt 0:01:44] Strongly threatening axb7.} b6 (23... cxd4 $11 24. cxd4 Bb4) 24. Rad1 $1 $16 {[%emt 0:00:12] Hoping for dxc5.} Rhd8 25. Re2 {White is more active.} (25. Rd2 $16 {dxc5 is the strong threat.} cxd4 26. Rxd4) 25... cxd4 26. Rxd4 Bc5 {[%emt 0:00:03] [#]} 27. Rd3 {[%emt 0:01:56][%mdl 64] And now Red2 would win. Deflection} Qe7 $2 (27... Rxd3 $2 28. Qb7#) (27... Rc7 $16) (27... Be7 28. Ng2) 28. Qe5+ Kc8 29. Qe4 {[%emt 0:00:15] Intending Qa8+ and mate.} Kb8 {[%emt 0:00:10] [#] Inhibits Qa8+.} (29... Rxd3 $2 {is a self mate.} 30. Qa8+ Kc7 31. Qb7+ Kd6 32. Qc6#) 30. Nf5 $1 Qf6 {[%emt 0:02:49][%cal Oe6f5] [#]} (30... Qf8 31. Red2) 31. Red2 $1 Rd5 32. Rxd5 exd5 33. Rxd5 Rxd5 34. Qxd5 $18 {[%emt 0:00:06][%csl Ga6][%cal Rd5b7] KQB-KQN} Kc7 35. Qb7+ Kd8 36. Qb8+ Kd7 37. Qxa7+ Ke6 {[%emt 0:00:05] [#]} 38. Nd4+ $1 Kd5 39. Qb7+ (39. Qd7+ $142 Kc4 40. a7 Qd6 41. Qxf7+ Qd5 42. a8=Q Qxf7 43. Qa2+ {[%mdl 64] Skewer} Kxc3 44. Ne2+ Kb4 45. Qxf7 Kxb5 46. Qxh5) 39... Kc4 40. a7 Kxc3 41. a8=Q {[%emt 0:00:07] Magnificent play by Xu!   Weighted Error Value: White=0.24 (precise) /Black=0.45} ({Inferior is} 41. a8=B Bxd4 42. Qc6+ Kb4 43. Qxf6 (43. Qc2 Bxf2+ 44. Qxf2 Qa1+ 45. Qf1 Qxa8 $11) 43... Bxf6 $14) 1-0

[Event "14th Danzhou Super GM 2023"]
[Site "Danzhou"]
[Date "2023.11.16"]
[Round "1.2"]
[White "Bai, Jinshi"]
[Black "Jumabayev, Rinat"]
[Result "1-0"]
[ECO "D23"]
[WhiteElo "2585"]
[BlackElo "2588"]
[Annotator "RC"]
[PlyCount "101"]
[EventDate "2023.11.16"]
[EventType "tourn"]
[EventCountry "CHN"]
[SourceTitle "playchess.com"]
[Source "ChessBase"]
[SourceQuality "1"]
[TimeControl "2700+10"]

1. Nf3 Nf6 2. g3 c5 3. c4 d5 4. d4 dxc4 5. Qa4+ Bd7 6. Qxc4 cxd4 7. Bg2 Bc6 8. O-O Nbd7 9. Rd1 e6 10. Nxd4 Bxg2 11. Kxg2 Rc8 12. Qa4 Qb6 13. Nc3 Be7 14. Be3 Qa6 15. Qxa6 bxa6 16. Rac1 Nb6 17. Bg5 O-O 18. Ne4 Nfd5 19. Bxe7 Nxe7 20. Nc5 Rfd8 21. Ndb3 Rxd1 22. Rxd1 Nc4 23. Nd3 a5 24. Nbc5 h6 25. Rc1 Nb6 26. b3 Nf5 27. e3 Nd6 28. Kf3 Kf8 29. e4 Ke7 30. Ke3 Rc7 31. a4 Ndc8 32. h4 h5 33. f3 g6 34. g4 Nd6 35. gxh5 gxh5 36. Rg1 Nb7 37. Rg5 Nxc5 38. Nxc5 Nc8 39. Rxh5 Nd6 40. Nd3 Rc3 41. Rxa5 Rxb3 42. Rxa7+ Kf8 43. Kd4 Ra3 44. Ra6 Ne8 45. Ra8 Ke7 46. h5 Nc7 47. h6 Nxa8 48. h7 Rxa4+ 49. Ke3 Nb6 50. h8=Q Nc4+ 51. Kf4 1-0

[Event "14th Danzhou Super GM 2023"]
[Site "Danzhou"]
[Date "2023.11.16"]
[Round "1.3"]
[White "Ma, Qun"]
[Black "Liu, Yan"]
[Result "1-0"]
[ECO "C42"]
[WhiteElo "2653"]
[BlackElo "2579"]
[Annotator "TA"]
[PlyCount "97"]
[EventDate "2023.11.16"]
[EventType "tourn"]
[EventCountry "CHN"]
[SourceTitle "playchess.com"]
[Source "ChessBase"]
[SourceQuality "1"]
[TimeControl "2700+10"]

1. e4 e5 2. Nf3 Nf6 3. Nxe5 d6 4. Nf3 Nxe4 5. d4 d5 6. Bd3 Bf5 7. O-O Be7 8. Re1 O-O 9. Nbd2 Nd6 $1 10. Nf1 c6 11. Bf4 {[%emt 0:00:08] The position is equal.} Bxd3 12. Qxd3 Na6 {[%emt 0:00:12] [#]} 13. h4 $1 Nc7 14. Ng5 Bxg5 (14... g6 $5) 15. Bxg5 f6 {[%emt 0:00:23] Black is weak on the dark squares} 16. Bf4 Qd7 17. Ne3 Rfe8 18. Re2 Ne6 19. Bxd6 Qxd6 20. Nf5 Qd7 {[%emt 0:03:12] And now ...Nf4 would win.} 21. Qh3 Nf8 (21... Kh8 $1 $11 {remains equal.}) 22. Rae1 $16 Rxe2 23. Rxe2 {[%emt 0:00:02] Re7 would be deadly.} g6 24. Nh6+ Kg7 {[%emt 0:00:03] ...Qxh3 is the strong threat.} 25. Qe3 {[%emt 0:01:02] White is much more active. The black rooks are badly placed.} Qe6 {[%emt 0:05:57] Dodges g4} 26. Qxe6 $18 Nxe6 27. Rxe6 {[%emt 0:00:04] Threatens to win with Ng4.} Kxh6 28. Rxf6 {[%emt 0:10:07][%mdl 4096] Endgame KR-KR} Re8 29. Rf7 Re1+ 30. Kh2 Re2 31. g4 g5 32. Rf6+ ({But not} 32. Rxb7 $6 Rxf2+ 33. Kg3 Rxc2 $11) 32... Kg7 33. hxg5 {[%emt 0:00:02] Strongly threatening Kg3.} h6 (33... Rxc2 $16 {might work better.} 34. Kg3 Rxb2) 34. Rf5 ({Less strong is} 34. Rxh6 Rxf2+ 35. Kg3 Rxc2 $14) 34... Rxc2 35. Kg3 Rxb2 (35... hxg5 $142 36. Rxg5+ Kf7) 36. f4 hxg5 37. Rxg5+ Kf6 38. Rf5+ Kg6 (38... Kg7 $142 39. Re5 Kf7) 39. Re5 $2 (39. Rh5 $18) 39... Rxa2 $2 (39... Rd2 $14) 40. Re6+ Kf7 {[%emt 0:00:04] [#]} 41. f5 $1 a5 {[%emt 0:00:07] [#]} (41... Ra3+ $142 42. Kf4 Rd3) 42. g5 $1 {[%emt 0:00:04][%cal Bg4g5,Bg5g6][%mdl 32] Black must now prevent g6+.} Ra1 43. g6+ Kf8 44. Kf4 {[%emt 0:01:10] White threatens Kg5 and mate.} Rg1 45. Rf6+ Kg8 46. Rf7 {[%emt 0:00:02] White mates.} a4 47. Rxb7 a3 48. Ra7 Re1 49. f6 {[%emt 0:00:12] Weighted Error Value: White=0.20 (precise) /Black=0.32} 1-0

[Event "14th Danzhou Super GM 2023"]
[Site "Danzhou"]
[Date "2023.11.16"]
[Round "1.4"]
[White "Tan, Zhongyi"]
[Black "Cheparinov, Ivan"]
[Result "1/2-1/2"]
[ECO "E51"]
[WhiteElo "2513"]
[BlackElo "2649"]
[Annotator "TA"]
[PlyCount "132"]
[EventDate "2023.11.16"]
[EventType "tourn"]
[EventCountry "CHN"]
[SourceTitle "playchess.com"]
[Source "ChessBase"]
[SourceQuality "1"]
[TimeControl "2700+10"]

1. d4 Nf6 2. c4 e6 3. Nc3 Bb4 4. Bd2 O-O 5. e3 d5 6. Nf3 Nbd7 7. Rc1 {[%emt 0:01:16] 7.a3 is the modern continuation. E51: Nimzo-Indian: Rubinstein: 4...0-0 5 Nf3 d5.} Be7 8. Qb3 c6 {[%emt 0:04:25] [#]} 9. Be2 $146 ({Predecessor:} 9. Bd3 b6 10. O-O Ba6 11. Rfd1 dxc4 12. Bxc4 Bxc4 13. Qxc4 c5 14. Be1 {½-½ Priehoda,V (2440)-Katz,R Sala 1993}) 9... dxc4 10. Qxc4 c5 11. dxc5 Nxc5 12. b4 Ncd7 13. O-O a6 14. a4 b6 15. Rfd1 Bb7 16. Qb3 Bd6 17. b5 (17. Be1 $5 Qe7 18. Rb1 $11) 17... Nc5 18. Qb1 a5 19. Nd4 Nfe4 (19... Qc7 {simplifies} 20. h3 e5 21. Nc6 Bxc6 22. bxc6 Qxc6 23. e4 Nfxe4 24. Nxe4 Qxe4 25. Qxe4 Nxe4 26. Bf3 f5) 20. Nxe4 Bxe4 21. Qa2 Qh4 22. g3 Qh3 23. Bf1 {[%emt 0:00:18] Against Qg2+} Qh5 24. Be2 Qg6 (24... Qd5 $11 25. Bc4 Qb7) 25. Be1 Bd5 (25... Rfc8 $11 {should be considered.}) 26. Bc4 $1 $16 Bxc4 27. Qxc4 Rfe8 28. Nc6 Bf8 29. Bc3 Ne4 30. Kg2 Ba3 31. Ra1 Bc5 32. Bd4 Qf5 33. f3 {[%emt 0:00:28] And now Qd3 would win.} Ng5 (33... Bxd4 $16 34. Nxd4 Qe5) 34. Qe2 {[%emt 0:00:06] Active counter play!} (34. Rf1 $1 $18 {and White stays clearly on top. aiming for Bxc5.} Bxd4 35. Qxd4) 34... Bxd4 35. Rxd4 e5 36. Rd5 Qh3+ 37. Kh1 Qh5 38. Rf1 h6 (38... Ne4 $1 $14 39. Qe1 Nc5) 39. Qf2 ({And not} 39. Nxe5 Ne4 40. g4 Ng3+ 41. Kg2 Nxe2 $15) (39. Rxe5 Rxe5 40. g4 (40. Nxe5 Ne4 $15 {[%mdl 64] Pin}) 40... Qg6 41. Nxe5 Qe6 $11) 39... f5 (39... Rac8 $16) 40. Nxe5 $18 ({Much less strong is} 40. Rxe5 $6 Rxe5 41. Nxe5 Qe8 $16) 40... Rad8 41. Rxd8 Rxd8 42. h4 Nf7 {[%emt 0:01:47] [#]} 43. Nc6 ({Don't do} 43. Qa2 Re8 44. f4 Re7 $16) 43... Rd7 (43... Re8 $142 44. Nd4 Kh7) 44. Kg2 Qg6 {[%emt 0:00:05] [#]} 45. Rd1 $3 {[%emt 0:00:07][%mdl 576] Deflection} Qe6 46. Rxd7 Qxd7 {[%emt 0:00:01][%mdl 4096] Endgame KQN-KQN} 47. Qb2 Kf8 (47... Qd3 $16 {was called for.} 48. Ne7+ Kh7) 48. Qd4 Qxd4 49. Nxd4 {[%emt 0:00:02] KN-KN} (49. exd4 $18 {Black must now prevent Ne5.} Nd6 50. Ne5) 49... Nd6 $16 50. Kf2 (50. Kf1 $142) 50... g6 51. Ne2 Nb7 {[%emt 0:00:09] [#]} 52. Nf4 (52. Nc3 $1 $16 ) 52... Nc5 $11 {[%emt 0:00:00] The position is equal.} 53. Nxg6+ Kf7 $1 54. Ne5+ Ke6 55. Nc4 {[%emt 0:00:01] Strongly threatening Nb2.} Nxa4 56. e4 fxe4 57. fxe4 Nc3 58. Ke3 Nxb5 59. Nxb6 h5 60. Na4 Ke5 61. Nb2 {[%emt 0:00:02] Nc4+ would be deadly.} Ke6 62. Kf4 Nc3 63. Nd3 a4 64. Nc5+ Kd6 (64... Kf7 $5 ) 65. Nxa4 Nxa4 66. Kg5 Ke5 {[%emt 0:00:04] Black escapes into a draw.   Weighted Error Value: White=0.15 (very precise) /Black=0.16 (very precise)} 1/2-1/2

[Event "14th Danzhou Super GM 2023"]
[Site "Danzhou"]
[Date "2023.11.16"]
[Round "2.1"]
[White "Bu, Xiangzhi"]
[Black "Cheparinov, Ivan"]
[Result "1-0"]
[ECO "A20"]
[WhiteElo "2677"]
[BlackElo "2649"]
[Annotator "TA"]
[PlyCount "93"]
[EventDate "2023.11.16"]
[EventType "tourn"]
[EventCountry "CHN"]
[SourceTitle "playchess.com"]
[Source "ChessBase"]
[SourceQuality "1"]
[TimeControl "2700+10"]

1. c4 e5 2. d3 Bb4+ 3. Nd2 c5 4. Ngf3 Nc6 5. g3 Nge7 6. Bg2 O-O 7. O-O Ba5 8. b3 {[%emt 0:01:10] The position is equal.} d6 9. Bb2 f5 10. e3 Ng6 11. Ne1 Be6 {[%emt 0:00:55] [#]} 12. d4 $1 cxd4 13. exd4 {[%emt 0:00:02] And now d5 would win.} d5 ({But not} 13... exd4 14. Ndf3 $16) (13... Bf7 $11) 14. dxe5 {[%emt 0:10:00] Nd3 would be deadly.} (14. Nd3 $5 ) 14... Bxd2 {[%emt 0:01:20][%mdl 64] Remove Defender} 15. Qxd2 dxc4 16. Qe2 (16. Qc3 $5 ) 16... cxb3 17. axb3 Bxb3 18. Nf3 Re8 (18... a5 $1 $11) 19. Qe3 $36 {[%emt 0:05:23][%mdl 2048] White has some pressure.} Qb6 {[%emt 0:03:14] [#] Black is on the road to losing.} ({Better is} 19... Be6 $14) 20. Bd4 $1 $18 Nxd4 21. Nxd4 Bc4 22. Rfb1 Qc5 23. f4 ({Weaker is} 23. Bxb7 Rxe5 24. Qa3 Rd8 $11) 23... Nxe5 24. fxe5 Rxe5 25. Qf2 Rd8 {[%emt 0:01:43] [#]} 26. Nf3 Qxf2+ 27. Kxf2 Re2+ 28. Kg1 Ba6 29. Bf1 Re7 30. Bxa6 bxa6 31. Rxa6 g6 32. Rba1 Rdd7 33. Re1 Rxe1+ 34. Nxe1 {[%emt 0:00:02][%mdl 4096] Endgame KRN-KR} Kg7 35. Nf3 Kh6 36. Kf2 Rb7 37. Ra4 Re7 38. h3 Rb7 39. Nd4 Re7 (39... Kg7 $142 40. Kf3 Rd7) 40. Ra6 Kh5 41. Ne6 Rb7 42. Ra4 g5 {[%emt 0:00:10] Prevents Rh4+} 43. Nd4 Rb2+ 44. Kf3 g4+ 45. hxg4+ {[%emt 0:00:10] White is winning.} fxg4+ 46. Ke4 Rf2 47. Rxa7 {[%emt 0:02:05] Weighted Error Value: White=0.03 (flawless) /Black=0.22 (precise)} 1-0

[Event "14th Danzhou Super GM 2023"]
[Site "Danzhou"]
[Date "2023.11.16"]
[Round "2.2"]
[White "Liu, Yan"]
[Black "Tan, Zhongyi"]
[Result "1-0"]
[ECO "A13"]
[WhiteElo "2579"]
[BlackElo "2513"]
[Annotator "RC"]
[PlyCount "95"]
[EventDate "2023.11.16"]
[EventType "tourn"]
[EventCountry "CHN"]
[SourceTitle "playchess.com"]
[Source "ChessBase"]
[SourceQuality "1"]
[TimeControl "2700+10"]

1. c4 e6 2. g3 d5 3. Bg2 Nf6 4. Nf3 d4 5. d3 Bb4+ 6. Bd2 Bxd2+ 7. Nbxd2 O-O 8. b4 Re8 9. O-O e5 10. Nb3 Qe7 11. Qd2 Na6 12. a3 h6 13. e3 dxe3 14. Qxe3 Ng4 15. Qe2 c5 16. b5 Nb8 17. Rfe1 Nd7 18. Nh4 Ngf6 19. Nf5 Qf8 20. a4 Rb8 21. a5 g6 22. Ne3 Qd6 23. Nd2 Nf8 24. Nd5 Bf5 25. Nxf6+ Qxf6 26. Qe3 Qg5 27. Bd5 Kg7 28. Nb3 Qxe3 29. Rxe3 Nd7 30. Rae1 f6 31. d4 cxd4 32. Nxd4 Bh3 33. f4 Kf8 34. Nf3 b6 35. fxe5 fxe5 36. axb6 Rxb6 37. Bc6 Re7 38. Bxd7 Rxd7 39. Nxe5 Rd4 40. Rf3+ Kg8 41. Rd3 Rxd3 42. Nxd3 a6 43. Nf4 Bf5 44. Nd5 Rb7 45. bxa6 Ra7 46. Ne7+ Kf7 47. Nxf5 gxf5 48. Ra1 1-0

[Event "14th Danzhou Super GM 2023"]
[Site "Danzhou"]
[Date "2023.11.16"]
[Round "2.3"]
[White "Jumabayev, Rinat"]
[Black "Ma, Qun"]
[Result "0-1"]
[ECO "E04"]
[WhiteElo "2588"]
[BlackElo "2653"]
[Annotator "TA"]
[PlyCount "122"]
[EventDate "2023.11.16"]
[EventType "tourn"]
[EventCountry "CHN"]
[SourceTitle "playchess.com"]
[Source "ChessBase"]
[SourceQuality "1"]
[TimeControl "2700+10"]

1. d4 Nf6 2. c4 e6 3. Nf3 d5 4. g3 dxc4 5. Bg2 Bb4+ 6. Bd2 a5 7. Qc2 Bxd2+ 8. Nbxd2 b5 9. a4 {[%emt 0:01:41] The position is equal.} c6 10. O-O O-O 11. Ne5 Nd5 (11... Qxd4 12. Nxc6 Nxc6 13. Bxc6 $16) 12. b3 f6 13. Nef3 $1 ({Of course not} 13. bxc4 Nb4 14. Qe4 fxe5 $17) 13... c3 14. e4 $1 b4 (14... cxd2 {keeps more tension.} 15. exd5 cxd5 16. axb5 Qb6) 15. exd5 cxd5 16. Nb1 Bd7 {[%emt 0:04:28][%mdl 1024] Black has compensation.} 17. Re1 Nc6 18. Ra2 (18. Nxc3 {simplifies} bxc3 19. Qxc3 Rc8 20. Rac1) 18... Rc8 19. Qd1 Qe8 20. Rae2 Qh5 21. Re3 (21. Rc2 $11 {remains equal.}) 21... Ne7 (21... e5 $1 $17 {[%cal Re5e4] ...e4 is the strong threat.} 22. dxe5 d4) 22. Qc1 Nf5 23. Rd3 Rc6 24. Re2 Rfc8 {[%emt 0:00:20] Black has more active pieces.} 25. h3 Qh6 26. Rc2 Be8 ({Much weaker is} 26... Qxc1+ $6 27. Rxc1 Be8 28. g4 $15) 27. g4 Qxc1+ 28. Rxc1 Ne7 29. Re3 Bg6 30. Bf1 Kf7 31. Bb5 R6c7 32. Ba6 Ra8 33. Bb5 Be4 34. Be2 (34. Ne1 $15) 34... g5 (34... Bxf3 $17 35. Rxf3 Rd8) 35. Nbd2 $11 {[%emt 0:00:17][%mdl 64] Pin} Bxf3 (35... Bg6 $11) 36. Nxf3 $14 Ng6 {[%emt 0:00:08] [#]} 37. Bd3 (37. h4 $1 $16) 37... Nf4 $11 38. Ne1 Re8 (38... h5 $11) 39. Bb5 (39. Ng2 $14) 39... Rh8 40. Nd3 h5 41. Nxf4 (41. Rce1 $1 $11) 41... gxf4 $15 42. Re2 (42. Rd3 $15) 42... hxg4 43. hxg4 f3 44. Re3 Rh4 45. Rxf3 Rxg4+ 46. Kf1 Rxd4 {[%emt 0:00:03] Strongly threatening ...e5.} 47. Bd3 $2 (47. Rd3 $17 Rh4 48. Ke2) 47... Rh4 $19 48. Ke2 f5 $2 (48... e5 $19 {White must now prevent ...e4.} 49. Bf5 e4) 49. Bc2 (49. Rg3 $11) 49... Kf6 {[%emt 0:00:04] ...Rg7 would be deadly.} 50. Rg1 {[%emt 0:00:05] [#]} (50. Rg3 $17 {was the only defense.}) 50... Rg7 $1 51. Rfg3 (51. Rxg7 $17 Kxg7 52. Rd3) 51... Rxg3 52. Rxg3 {[%emt 0:00:00][%mdl 4096] Endgame KRB-KR} Rd4 53. Rd3 {[%emt 0:00:15] Prevents Rd2+.} Rh4 $2 ({Black should play} 53... Rxd3 $19 54. Kxd3 Kg5) 54. Rd1 (54. Rg3 $1 $11 {and White has nothing to worry.}) 54... d4 ({Black should try} 54... Ke5 $19 55. Rg1 Rh5) 55. Rg1 $2 (55. Kf3 $17) 55... e5 {[%emt 0:00:02] Black is clearly winning.} 56. Kd3 Rh2 57. Rf1 Kg5 58. Kc4 Kf4 59. Kd5 Rh8 60. Rd1 Rd8+ 61. Kc4 e4 {[%emt 0:00:12] Weighted Error Value: White=0.76/Black=0.24 (precise)} 0-1

[Event "14th Danzhou Super GM 2023"]
[Site "Danzhou"]
[Date "2023.11.16"]
[Round "2.4"]
[White "Xu, Xiangyu"]
[Black "Bai, Jinshi"]
[Result "1/2-1/2"]
[ECO "D79"]
[WhiteElo "2623"]
[BlackElo "2585"]
[Annotator "TA"]
[PlyCount "73"]
[EventDate "2023.11.16"]
[EventType "tourn"]
[EventCountry "CHN"]
[SourceTitle "playchess.com"]
[Source "ChessBase"]
[SourceQuality "1"]
[TimeControl "2700+10"]

1. d4 d5 2. c4 c6 3. Nf3 Nf6 4. g3 g6 5. Bg2 Bg7 6. cxd5 cxd5 7. O-O O-O 8. Ne5 Ng4 9. Nf3 Nf6 10. Nc3 Ne4 11. Ne5 Bf5 12. Bf4 Nc6 13. Nxc6 {[%emt 0:01:52] 13.Rc1 is the modern continuation.} bxc6 14. Qa4 {[%emt 0:00:07] D79: Fianchetto Grünfeld: Symmetrical Variation (6 0-0 c6 7 cxd5 cxd5).} Qb6 15. e3 Nxc3 16. bxc3 {[%emt 0:00:04] [#]} Bd3 $146 ({Predecessor:} 16... Rfc8 17. c4 Qd8 18. Rfc1 e6 19. h4 h5 20. c5 Qe8 21. Bd6 e5 22. Re1 Qe6 23. e4 dxe4 24. Bxe4 Bxe4 25. Rxe4 {1-0 Carlsen,M (2839)-Vidit,S (2716) Chess.com Speed Chess blitz 2023 (1.18)}) 17. Rfd1 Qa6 18. Qxa6 Bxa6 19. Rab1 Rfe8 20. Bc7 Rec8 {[%emt 0:01:46] The position is equal.} 21. Ba5 e6 22. Bb4 Bf8 23. Bxf8 Kxf8 24. Bf1 Bxf1 25. Kxf1 $11 {[%emt 0:00:04][%mdl 4096] Endgame KRR-KRR} Rab8 26. Rb3 Rxb3 27. axb3 {[%emt 0:00:06] KR-KR} c5 28. Ra1 cxd4 29. cxd4 Rc3 30. Rxa7 Rxb3 31. h4 h5 32. Kg2 Rb2 33. Rc7 Ra2 34. Rd7 Ke8 35. Rc7 Kf8 36. Rd7 Ke8 37. Rc7 {[%emt 0:00:03] Weighted Error Value: White=0.05 (flawless) /Black=0.04 (flawless)} 1/2-1/2

[Event "14th Danzhou Super GM 2023"]
[Site "Danzhou"]
[Date "2023.11.17"]
[Round "3.1"]
[White "Bai, Jinshi"]
[Black "Bu, Xiangzhi"]
[Result "1-0"]
[ECO "E04"]
[WhiteElo "2585"]
[BlackElo "2677"]
[Annotator "TA"]
[PlyCount "145"]
[EventDate "2023.11.17"]
[EventCountry "CHN"]
[SourceTitle "playchess.com"]
[Source "ChessBase"]
[SourceQuality "1"]
[TimeControl "2700+10"]

1. d4 Nf6 2. c4 e6 3. Nf3 d5 4. g3 dxc4 5. Bg2 Nc6 6. O-O Rb8 7. Nc3 b5 8. Ne5 Nxe5 {[%emt 0:00:02] E04: Open Catalan: 5 Nf3.} (8... Nxd4 $2 9. e3 $18) 9. dxe5 Nd7 10. Qc2 {[%emt 0:00:03] White wants to play Bc6.} Bb7 {[%emt 0:00:24] Dodges Bc6. The position is equal.} 11. Bxb7 Rxb7 12. Rd1 Qc8 13. a4 b4 (13... Nxe5 14. axb5 Bd6 15. Be3 $16) 14. Ne4 c3 (14... Nxe5 15. Bf4 b3 16. Qc1 $16 (16. Qc3 Ng6 $16)) (14... c5 $5 ) 15. Rb1 cxb2 {[%emt 0:05:16] [#]} 16. Bh6 $146 ({Predecessor:} 16. Bxb2 Be7 17. a5 O-O 18. Qc6 Nb8 19. Qc4 Rd8 20. Rbc1 Rxd1+ 21. Rxd1 Qe8 22. a6 Qb5 23. Nf6+ Kf8 24. Nxh7+ Kg8 25. Nf6+ Bxf6 26. exf6 Qxc4 27. Rd8+ {1-0 Novozhilov,S (1976)-Bobkov,V (2341) Cheliabinsk Panchenko Memorial op-A 2021 (10)}) 16... b3 (16... Nxe5 $2 17. Bxg7 Bxg7 18. Nd6+ (18. Rxb2 $2 O-O $19) 18... Kd8 19. Nxc8+ Kxc8 20. Rxb2 $18) 17. Qc3 Bb4 {[%emt 0:00:37] [#]} (17... gxh6 $2 18. Rxd7 Bg7 19. Nd6+ Kxd7 20. Nxc8 Kxc8 21. Rxb2 $18) (17... Rb8 $1 $11 {keeps the balance.}) 18. Nd6+ $1 $16 {[%emt 0:00:57][%mdl 64] Double Attack} Kf8 (18... cxd6 $2 19. Qxc8+ Ke7 20. exd6+ Bxd6 21. Bg5+ f6 22. Qxh8 $18) (18... Bxd6 19. exd6) 19. Qxb4 {[%emt 0:02:16] White is much more active. The black rooks are badly placed.} cxd6 20. Qxd6+ $40 {[%emt 0:00:04][%mdl 128] Black is in trouble.} Kg8 21. Be3 Qc2 22. Qd4 h5 (22... Qxe2 $2 23. Qe4 (23. Rxb2 Qa6 $16) 23... Rb8 24. Rxd7 $18) 23. Rxb2 Qf5 (23... Qc7 $16 {was called for.}) 24. Qc4 $1 $18 {[%emt 0:05:10] Qc8+ would be deadly.} Qxe5 25. Rxb3 Rxb3 (25... Qc7 {is a better defense.} 26. Qxc7 Rxc7) 26. Qxb3 Nb6 27. Qc2 (27. Rd8+ Kh7 28. Bxb6 axb6 29. Qb1+ (29. Qxb6 Rxd8 30. Qxd8 Qa1+ 31. Kg2 Qxa4 $11) 29... g6 $16) 27... f5 $2 {[%emt 0:04:50] Black is weak on the dark squares} (27... Qf5 28. Qxf5 exf5) 28. Rd8+ Kh7 29. Bd4 Qe4 30. Qxe4 fxe4 31. Rxh8+ Kxh8 {[%emt 0:00:01][%mdl 4096] Endgame KB-KN} 32. a5 (32. Bxb6 axb6 33. Kf1) 32... Nc8 {[%emt 0:00:42] [#]} 33. g4 $1 Kh7 (33... hxg4 34. Kg2) 34. gxh5 a6 35. Bc5 {[%emt 0:00:16] Wards off Nd6} Kh6 36. Kg2 (36. Kf1 $1 $18 {[%cal Rf1e1] and the rest is easy.}) 36... Kxh5 $16 37. Kg3 {[%emt 0:00:01] Black must now prevent Kf4.} Kg5 38. h4+ Kf5 {[%emt 0:00:02] [#]} 39. h5 (39. f3 $1 $16 {[%cal Rf3e4] Hoping for fxe4+.} e3 40. f4 (40. Bxe3 Nd6 $16)) 39... Kg5 $1 $11 40. e3 e5 $1 41. Bf8 Kxh5 42. Bxg7 Kg5 43. Bxe5 Ne7 44. Bc7 {[%emt 0:00:17] Strongly threatening Bd8.} Nc6 {[%emt 0:00:20] Inhibits Bd8+.} 45. Bb6 Ne5 46. Bc7 Nc6 47. Kh3 Kh5 48. Bb6 Kg5 49. Kg3 Ne5 50. Bd4 Nc6 51. Bc3 Ne7 52. Be5 Nf5+ 53. Kh3 Ne7 54. Bc7 Nd5 55. Bd8+ Kf5 56. Kh4 Nb4 57. Kh5 Nc6 58. Bc7 Nb4 59. Kh6 Nd5 60. Bd6 Kg4 61. Kg6 Nc3 62. Kf6 {[%emt 0:00:11] Threatens to win with Ke5.} Nd1 $2 (62... Kf3 $11) 63. Bg3 $18 Nb2 64. Ke5 Kf3 65. Kd4 Nd3 66. Bh4 Nb4 {[%emt 0:00:15] [#]} 67. Kc5 $1 Nd3+ 68. Kb6 Nb4 69. Bg3 Ke2 70. Bd6 {[%emt 0:00:11][%mdl 64] Deflection} Nd3 71. Kxa6 Kxf2 72. Kb5 Kxe3 73. a6 {[%emt 0:00:01] Excellently played by Bai!   Weighted Error Value: White=0.20 (precise) /Black=0.09 (flawless)} 1-0